 Dungeon Crawl Stone Soup version 0.30.1 (webtiles) character file.

Game seed: 17622726774691558499

470 Cheops the Basher (level 6, -4/51 HPs)
             Began as a Minotaur Fighter on July 7, 2023.
             Slain by an iguana (11 damage)
             ... on level 5 of the Dungeon.
             The game lasted 00:04:39 (3618 turns).

Cheops the Basher (Minotaur Fighter)                Turns: 3618, Time: 00:04:39

Health: -4/51      AC:  8    Str: 23    XL:     6   Next: 82%
Magic:  5/5        EV:  9    Int:  5    God:
Gold:   368        SH:  9    Dex:  9    Spells: 5/5 levels left

rFire   . . .        a - +0 flail
rCold   + . .        B - +0 buckler
rNeg    . . .        q - +0 scale mail {rC+}
rPois   .            (helmet restricted)
rElec   .            (no cloak)
rCorr   .            (no gloves)
SInv    .            p - +0 pair of boots
Will    .....        f - amulet of reflection Stlth
                     (no ring)
HPRegen 0.28/turn    (no ring)
MPRegen 0.09/turn

%: reflection
@: no status effects
A: horns 2, retaliatory headbutt
a: no special abilities


You were on level 5 of the Dungeon.
You visited 1 branch of the dungeon, and saw 5 of its levels.

You collected 368 gold pieces.

Inventory:

Hand Weapons
 a - a +0 flail (weapon)
Armour
 p - a +0 pair of boots (worn)
 q - a +0 scale mail of cold resistance (worn)
 A - a +0 scale mail
 B - a +0 buckler (worn)
Jewellery
 f - an amulet of reflection (around neck)
Wands
 n - a wand of digging (3)
Scrolls
 b - 3 scrolls of noise {unknown}
 g - a scroll of vulnerability {unknown}
 h - 4 scrolls of identify {unknown}
 l - 2 scrolls of teleportation {unknown}
 o - 2 scrolls of fear {unknown}
 s - 2 scrolls of poison {unknown}
 t - a scroll of blinking {unknown}
 u - a scroll of enchant weapon {unknown}
 w - a scroll of immolation {unknown}
 x - a scroll of magic mapping {unknown}
Potions
 c - 3 potions of haste {unknown}
 d - 3 potions of might
 e - a potion of heal wounds {unknown}
 i - 3 potions of flight {unknown}
 j - a potion of lignification {unknown}
 k - 2 potions of brilliance {unknown}
 m - a potion of resistance {unknown}
 r - 2 potions of attraction {unknown}
 v - a potion of degeneration {unknown}


   Skills:
 - Level 3.6 Fighting
 + Level 9.0 Maces & Flails
 - Level 3.6 Armour
 - Level 3.6 Shields


You had 5 spell levels left.
You didn't know any spells.
Your spell library contained the following spells:

 Spells                   Type           Power      Damage    Failure   Level
 Tukima's Dance           Hex            0%         N/A       99%         3
 Passage of Golubria      Tloc           0%         N/A       100%        4
 Yara's Violent Unravell  Hex/Tmut       0%         3d3       100%        5


Dungeon Overview and Level Annotations

Branches:
Dungeon (5/15)
 Temple: D:4-7

Altars:
Cheibriados
Dithmenos
Fedhas
Yredelemnul
The Shining One

Shops:
D:2 *   D:4 :(


Innate Abilities, Weirdness & Mutations

You have a pair of horns on your head.
You reflexively headbutt those who attack you in melee.


Message History

You are too injured to fight recklessly!
You are too injured to fight recklessly!
You are too injured to fight recklessly!
You are too injured to fight recklessly!
You are too injured to fight recklessly!
You are too injured to fight recklessly!
You are too injured to fight recklessly!
You are too injured to fight recklessly!
You are too injured to fight recklessly!
You are too injured to fight recklessly!
You are too injured to fight recklessly!
You are too injured to fight recklessly!
You are too injured to fight recklessly!
You are too injured to fight recklessly!
Unknown command.
You sock the ogre!
The ogre is severely wounded.
The iguana bites you!
* * * LOW HITPOINT WARNING * * *
The ogre misses you.
You barely miss the ogre. You headbutt the ogre!
The ogre is almost dead.
The iguana bites you.
* * * LOW HITPOINT WARNING * * *
You completely miss the ogre. Your headbutt misses the ogre.
The ogre is almost dead.
You block the ogre's attack.
You hit the ogre.
You kill the ogre!
The iguana bites you!
* * * LOW HITPOINT WARNING * * *
You block the iguana's attack.
Your Maces & Flails skill increases to level 9!
You barely miss the iguana. You block the iguana's attack.
You hit the iguana. You headbutt the iguana!
The iguana is severely wounded.
You barely miss the iguana.
The iguana is severely wounded.
The iguana bites you!
You die...

..[...........)
#.####............##
###.#.##.##..#...##.##
.........#...........
#......##.....#.....
#[.#.............##
###..##.##..#..###.##
#.......##..#..# #.#
#(#)@.......##.# #.#
......l######..##..
..# ##...## #..#####
## #.# #..# # ##.# #.#
.# .#


You could see an iguana.

Vanquished Creatures
  2 ogres (D:5)
  Blork the orc (D:4)
  A hound (D:4)
  2 orc priests (D:5)
  4 adders
  3 gnolls (D:2)
  3 worms
  2 dart slugs
  11 orcs
  6 endoplasms
  A giant cockroach (D:2)
  4 goblins
  4 hobgoblins
  2 kobolds
  7 quokkas
  5 ball pythons
  3 bats
  2 frilled lizards (D:1)
  A rat (D:1)
  A spectral orc (D:4)
65 creatures vanquished.

Notes
Turn   | Place    | Note
-------+----------+-------------------------------------------
     0 | D:1      | Cheops the Minotaur Fighter began the quest for the Orb.
     0 | D:1      | Reached XP level 1. HP: 19/19 MP: 0/0
   212 | D:1      | Reached skill level 3 in Maces & Flails
   245 | D:1      | Reached XP level 2. HP: 24/26 MP: 1/1
   767 | D:2      | Found Huemp's Assorted Antiques.
   861 | D:2      | Reached skill level 4 in Maces & Flails
   984 | D:2      | Reached XP level 3. HP: 31/31 MP: 2/2
  1420 | D:2      | Found a faded altar of an unknown god.
  1639 | D:2      | Reached skill level 5 in Maces & Flails
  1646 | D:2      | Reached XP level 4. HP: 21/39 MP: 3/3
  2577 | D:3      | Found a blossoming altar of Fedhas.
  2752 | D:4      | Reached skill level 6 in Maces & Flails
  2784 | D:4      | Found Punwoh's Vocational Training.
  2850 | D:4      | Found a shadowy altar of Dithmenos.
  3158 | D:4      | Reached XP level 5. HP: 45/45 MP: 4/4
  3185 | D:4      | Found a snail-covered altar of Cheibriados.
  3217 | D:4      | Noticed Blork the orc
  3224 | D:4      | Killed Blork the orc
  3225 | D:4      | Reached skill level 7 in Maces & Flails
  3301 | D:4      | Found Reuquill's Antique Weapon Boutique.
  3373 | D:4      | Found a basalt altar of Yredelemnul.
  3481 | D:5      | Entered Level 5 of the Dungeon
  3515 | D:5      | Noticed an ogre
  3515 | D:5      | Found a glowing golden altar of the Shining One.
  3525 | D:5      | Killed an ogre
  3526 | D:5      | Reached skill level 8 in Maces & Flails
  3526 | D:5      | Reached XP level 6. HP: 51/51 MP: 5/5
  3616 | D:5      | Reached skill level 9 in Maces & Flails
  3618 | D:5      | Slain by an iguana

Illustrated notes

Levels and vault maps discovered:
D:1:      dpeg_arrival_tiny_c, layout_basic, serial_glass, glass_columns_a,
          glass_columns_a
D:2:      layout_loops_corners, serial_shops, nicolae_shop_behind_doors,
          shapermc_ecumenical_altar_mp_highgroup
D:3:      minmay_wonky_spiral, layout_basic, marbit_many_paths
D:4:      layout_loops_cross, kennysheep_little_box, grunt_dithmenos_smoke,
          yredelemnul_forgotten_temple_becter, serial_shops, shop,
          nicolae_shop_vocational, uniq_blork_the_orc
D:5:      layout_basic, mainiacjoe_overflow_chevrons

Skill      XL: |  1  2  3  4  5  6 |
---------------+-------------------+-----
Maces & Flails | 3 4 5 6 8 9 |  9.0
Fighting       | |  3.6
Armour         | |  3.6
Shields        | |  3.6

Action                     |  1- 3 |  4- 6 || total
---------------------------+-------+-------++-------
  Melee: Flail             |    77 |   115 ||   192
         Headbutt          |     5 |    22 ||    27
 Armour: Scale mail        |    15 |    33 ||    48
  Dodge: Dodged            |    26 |    40 ||    66
  Block: Buckler           |    33 |    52 ||    85
         Reflection        |     1 |       ||     1
